cohdb
Replays
Latest Replays
All Replays
Popular Replays
Top Player Replays
Match Explorer
How It Works
Community
CoH3 Stats
Reddit
Sign in to upload your games and track your stats! →
Sign in with Steam
Match 24312262
Unlisted
Match 24312262
Overview
Messages
Build Orders
End
Royal Engineer Section
Construct Section Command Post
Vickers Machine Gun Team
Infantry Section
Construct Platoon Command Post
Unlock M3 Stuart Light Tanks
M3 Stuart Light Tank
Selects Heavy Armor Battlegroup
Selects Rigorous Vehicle Training
Light Vehicle Training
M3 Stuart Light Tank
M3 Stuart Light Tank
Selects Crusader AA Medium Tank
Royal Engineer Section
Construct Company Command Post
Foot Guards Section
Crusader II Medium Tank
Foot Guards Section
Construct Field Infirmary
Selects Light Vehicle Withdraw and Refit
Selects Forward Repair Assembly
Selects Recon Artillery
Recon Artillery
Infantry Training
Foot Guards Section
Recon Artillery
CMP 15cwt Truck
Recon Artillery
M3 Stuart Light Tank
Recon Artillery
Selects Churchill Black Prince Heavy Tank
Churchill Black Prince Heavy Tank
Royal Engineer Section
Foot Guards Section
Recon Artillery
NickLik
lohmann
Jaajo
biscuits
iceman
Lieutenant.Aldo Raine
Heimdall
magicn2s
0
0
Comments
sign in to comment!
No comments posted yet!